 Dungeon Crawl Stone Soup version 0.20-a0-1078-g4874019 (webtiles) character file.

42193 FastMan the Executioner (level 13, -1/122 HPs)
             Began as a Minotaur Berserker on May 1, 2017.
             Was a High Priest of Trog.
             Slain by a death yak (3 damage)
             ... on level 6 of the Lair of Beasts.
             The game lasted 00:13:37 (18696 turns).

FastMan the Executioner (Minotaur Berserker)       Turns: 18696, Time: 00:13:37

Health: -1/122     AC: 22    Str: 24    XL:     13   Next: 84%
Magic:  12/12      EV:  2    Int:  4    God:    Trog [*****.]
Gold:   948        SH:  0    Dex: 13    Spells: 12/12 levels left

rFire    . . .     SeeInvis .   a - +0 battleaxe
rCold    . . .     Gourm    .   (shield currently unavailable)
rNeg     + + +     Faith    +   j - +0 plate armour
rPois    ∞         Spirit   .   L - +1 hat
rElec    .         Reflect  .   i - +0 cloak
rCorr    .         Harm     .   x - +2 pair of gloves
MR       +....                  q - +0 pair of boots
Stlth    ..........             J - amulet of faith
Regen    0.3/turn               M - ring of protection from magic
MPRegen  0.2/turn               H - +5 ring of slaying

@: petrified, slowed
A: retaliatory headbutt, horns 2
a: Berserk, Trog's Hand, Brothers in Arms, Burn Spellbooks, Renounce Religion


You were on level 6 of the Lair of Beasts.
You worshipped Trog.
Trog was extremely pleased with you.
You were very hungry.

You visited 2 branches of the dungeon, and saw 15 of its levels.
You also visited: Ice Cave.

You collected 948 gold pieces.

Inventory:

Hand Weapons
 a - a +0 battleaxe (weapon)
 p - a +1 executioner's axe of freezing
Armour
 i - a +0 cloak (worn)
 j - a +0 plate armour (worn)
 q - a +0 pair of boots (worn)
 x - a +2 pair of gloves (worn)
 L - a +1 hat (worn)
Jewellery
 n - an uncursed ring of fire
 r - an uncursed ring of resist corrosion
 y - an uncursed amulet of magic regeneration
 H - a +5 ring of slaying (right hand)
 J - an amulet of faith (around neck)
 M - a ring of protection from magic (left hand)
Scrolls
 d - a scroll of fear {unknown}
 f - a scroll of enchant armour {unknown}
 g - a scroll of recharging {unknown}
 o - a scroll of magic mapping {unknown}
 t - 5 scrolls of remove curse {@r2}
 v - a scroll of enchant weapon {unknown}
 E - a scroll of teleportation {@r3}
 K - a scroll of fog {unknown}
Potions
 b - a potion of invisibility
 e - a potion of agility {@q5}
 l - 3 potions of flight
 m - 5 potions of mutation
 s - a potion of cancellation
 u - 6 potions of lignification
 w - 3 potions of heal wounds {@q2}
 A - a potion of brilliance {@q6}
 B - 2 potions of magic
 C - 5 potions of curing {@q1}
 D - 3 potions of might {@q4}
 F - 2 potions of ambrosia
 I - a potion of resistance {unknown}
Comestibles
 c - 5 bread rations {@e1}
 h - 5 royal jellies {@e3}
 k - 7 meat rations {@e2}
 z - 7 fruits {@e4}
 G - 7 chunks of flesh


   Skills:
 + Level 13.0 Fighting
 * Level 21.5 Axes
 - Level 10.9 Armour
 - Level 2.1 Dodging


You had 12 spell levels left.
You didn't know any spells.

Dungeon Overview and Level Annotations

Branches:
Dungeon (9/15)             Temple (0/1) D:4            Lair (6/6) D:9
 Shoals (0/4) Lair:2        Snake (0/4) Lair:3          Orc (0/2) D:9
  Slime: Lair:5-6

Altars:
Makhleb
Nemelex Xobeh
Ru
Xom

Annotations:
Lair:4 exclusion: oklob plant
Lair:6 exclusion: 3 oklob plants


Innate Abilities, Weirdness & Mutations

You reflexively headbutt those who attack you in melee.
You have a pair of horns on your head.


Message History

* * * LOW HITPOINT WARNING * * *
The death yak gores you but does no damage.
You have turned to stone.
You are engulfed in calcifying dust.
The death yak gores you!!
* * * LOW HITPOINT WARNING * * *
The yak gores you.
* * * LOW HITPOINT WARNING * * *
The catoblepas breathes a plume of calcifying dust at you.
The blast of calcifying dust hits you!
* * * LOW HITPOINT WARNING * * *
The death yak gores you but does no damage.
The death yak gores you but does no damage.
The catoblepas gores you but does no damage.
The yak gores you but does no damage.
The death yak gores you but does no damage.
The death yak gores you!!
* * * LOW HITPOINT WARNING * * *
The catoblepas gores you but does no damage.
The yak gores you but does no damage. The death yak gores you!
You die...

......# .. # ......# ..##.
#. ......# .YY. . P.....#
.YY# .# #P##.## #..## ..##
###..# ### #..# #...#
####.# ##.### #.###...##
P#...# ##....####Y.......#
<)..####......##@YY..###..#
?....P###......#YY.###
......# #..##.....##
(...P.# #...###.###
......####...#######
.......# ##...###.P#
...#...# ##......##
.......####......###
..#(..÷.#...8......###


You could see 2 death yaks, a catoblepas and 2 yaks.

Vanquished Creatures
  Gastronok (Lair:3)
  Snorg (Lair:3)
  2 hydras
  A catoblepas (Lair:6)
  A two-headed ogre (D:9)
  6 death yaks
  The ghost of Potronius the Cleaver, a novice MiFi of Makhleb (D:8)
  A necromancer (Lair:4)
  A manticore (Lair:6)
  An ugly thing (D:9)
  4 black mambas
  12 spiny frogs
  6 komodo dragons
  8 rime drakes
  5 polar bears
  10 blink frogs
  12 dream sheep
  4 hippogriffs
  54 yaks
  A naga (Lair:3)
  15 water moccasins
  2 black bears
  2 ice beasts
  7 porcupines
  4 orc warriors
  A sky beast (D:8)
  2 ogres
  A phantom (D:4)
  2 elephant zombies (Lair:4)
  19 wolves
  5 centaurs
  14 crocodiles
  4 big kobolds
  10 bullfrogs
  2 scorpions
  A howler monkey (D:6)
  2 electric eels (Lair:4)
  2 crimson imps (D:8)
  A bullfrog zombie (D:8)
  7 orc wizards
  3 hounds
  3 jellies
  2 bullfrog skeletons
  3 orc priests
  A basilisk zombie (Lair:4)
  Natasha (thrice) (D:3)
  4 iguanas
  10 hell rats (Lair:3)
  3 worker ants (D:9)
  7 gnolls
  11 adders
  A shadow imp (D:5)
  12 white imps (Lair:6)
  2 oozes
  An adder skeleton (D:5)
  A worm (D:3)
  2 dart slugs
  4 leopard geckos
  18 orcs
  6 bats
  4 giant cockroaches
  8 goblins
  6 hobgoblins
  13 jackals
  A quokka (D:6)
  3 ball pythons
  7 frilled lizards
  13 kobolds
  A leopard gecko skeleton (D:4)
  2 quokka skeletons
  7 rats
  4 fungi
  2 plants
403 creatures vanquished.

Vanquished Creatures (collateral kills)
  Urug (Lair:5)
  2 blink frogs (Lair:5)
  2 bullfrogs (Lair:5)
5 creatures vanquished.

Vanquished Creatures (others)
  8 fungi
  19 plants
27 creatures vanquished.

Grand Total: 435 creatures vanquished

Notes
Turn   | Place    | Note
-------+----------+-------------------------------------------
     0 | D:1      | FastMan the Minotaur Berserker began the quest for the Orb.
     0 | D:1      | Reached XP level 1. HP: 19/19 MP: 0/0
   150 | D:1      | Reached skill level 4 in Axes
   150 | D:1      | Reached XP level 2. HP: 27/27 MP: 1/1
   625 | D:2      | Reached XP level 3. HP: 17/33 MP: 2/2
   639 | D:2      | Reached ** piety under Trog
   728 | D:2      | Reached skill level 5 in Axes
   890 | D:2      | Found a burning altar of Makhleb.
   890 | D:2      | Found a shimmering altar of Xom.
   891 | D:2      | Found a sacrificial altar of Ru.
  1025 | D:2      | Reached XP level 4. HP: 37/41 MP: 3/3
  1527 | D:3      | Noticed Natasha
  1538 | D:3      | Killed Natasha
  1741 | D:3      | Noticed Natasha
  1751 | D:3      | Killed Natasha
  1751 | D:3      | Reached skill level 5 in Fighting
  1904 | D:3      | Reached XP level 5. HP: 47/48 MP: 4/4
  1982 | D:3      | Found a sparkling altar of Nemelex Xobeh.
  2007 | D:3      | Noticed Natasha
  2008 | D:3      | Killed Natasha
  2008 | D:3      | Reached skill level 6 in Axes
  2999 | D:4      | Found a staircase to the Ecumenical Temple.
  3009 | D:4      | Noticed an ogre
  3016 | D:4      | Killed an ogre
  3016 | D:4      | Reached skill level 7 in Axes
  3016 | D:4      | Reached XP level 6. HP: 57/57 MP: 5/5
  3296 | D:4      | Reached *** piety under Trog
  3679 | D:4      | Found a shimmering altar of Xom.
  3785 | D:5      | Entered Level 5 of the Dungeon
  3908 | D:5      | Reached skill level 8 in Axes
  3908 | D:5      | Reached XP level 7. HP: 63/64 MP: 6/6
  4056 | D:6      | Reached skill level 9 in Axes
  4088 | D:6      | Reached XP level 8. HP: 54/71 MP: 7/7
  4147 | D:6      | Reached skill level 10 in Axes
  4265 | D:6      | Reached **** piety under Trog
  4477 | D:7      | Reached skill level 5 in Armour
  5265 | D:8      | Reached skill level 11 in Axes
  5695 | D:8      | Noticed Potronius's ghost (novice MiFi)
  5700 | D:8      | Reached XP level 9. HP: 78/78 MP: 8/8
  5711 | D:8      | Killed Potronius's ghost
  5711 | D:8      | Reached skill level 12 in Axes
  5913 | D:8      | Reached skill level 13 in Axes
  5991 | D:9      | Got a pair of brightly glowing boots
  6119 | D:9      | Identified the -1 pair of boots of the Learner {+Inv Dex+3} (You found it on level 9 of the Dungeon)
  6130 | D:9      | Identified a scroll of acquirement
  6279 | D:9      | Reached XP level 10. HP: 47/84 MP: 9/9
  6296 | D:9      | Reached skill level 14 in Axes
  6299 | D:9      | Found a staircase to the Orcish Mines.
  6301 | D:9      | Reached ***** piety under Trog
  6382 | D:9      | Found a staircase to the Lair.
  6688 | D:9      | Noticed a two-headed ogre
  6696 | D:9      | Killed a two-headed ogre
  7104 | D:9      | Noticed a red ugly thing
  7112 | D:9      | Killed a red ugly thing
  7645 | Lair:1   | Entered Level 1 of the Lair of Beasts
  7652 | Lair:1   | Reached skill level 15 in Axes
  7665 | Lair:1   | Noticed a spiny frog
  7680 | Lair:1   | Killed a spiny frog
  8120 | Lair:1   | Noticed a spiny frog
  8127 | Lair:1   | Killed a spiny frog
  8127 | Lair:1   | Reached skill level 10 in Armour
  8451 | Lair:1   | Reached XP level 11. HP: 75/91 MP: 10/10
  8871 | Lair:1   | Reached skill level 16 in Axes
  9564 | Lair:2   | Found a staircase to the Shoals.
 10148 | Lair:2   | Reached skill level 17 in Axes
 11155 | Lair:3   | Found a staircase to the Snake Pit.
 11803 | Lair:3   | Noticed Gastronok
 11817 | Lair:3   | Killed Gastronok
 11817 | Lair:3   | Reached skill level 18 in Axes
 11817 | Lair:3   | Reached XP level 12. HP: 104/104 MP: 11/11
 11946 | Lair:3   | Received a gift from Trog
 13591 | Lair:3   | Reached skill level 10 in Fighting
 13793 | Lair:3   | Noticed Snorg
 14147 | Lair:3   | Killed Snorg
 14147 | Lair:3   | Reached skill level 19 in Axes
 14204 | Lair:3   | Noticed a death yak
 14204 | Lair:3   | Noticed a death yak
 14205 | Lair:3   | Noticed a death yak
 14206 | Lair:3   | Noticed a death yak
 14215 | Lair:3   | Killed a death yak
 14217 | Lair:3   | Killed a death yak
 14218 | Lair:3   | Killed a death yak
 14223 | Lair:3   | Killed a death yak
 14861 | Lair:4   | Noticed a six-headed hydra
 14869 | Lair:4   | Killed a ten-headed hydra
 16357 | Lair:5   | Reached XP level 13. HP: 96/116 MP: 12/12
 16466 | Lair:5   | Reached skill level 20 in Axes
 16510 | Lair:5   | Noticed Urug
 16523 | Lair:5   | Killed Urug
 17312 | Lair:5   | Received a gift from Trog
 17481 | Lair:6   | Entered Level 6 of the Lair of Beasts
 17481 | Lair:6   | Found a frozen archway.
 17577 | IceCv    | Entered an ice cave
 17753 | Lair:6   | Reached skill level 21 in Axes
 18692 | Lair:6   | HP: 6/122 [death yak (3)]
 18696 | Lair:6   | HP: 2/122 [death yak (9)]
 18696 | Lair:6   | Slain by a death yak

Vault maps used:
D:1:      kennysheep_arrival_forest, minmay_split_cup_large
D:2:      nicolae_overflow_hidden_temple, minmay_misc_feat_encased
D:3:      nemelex_xobeh_ov_fountains_minmay, first_bread,
          kennysheep_generic_room_9, uniq_natasha
D:4:      minmay_temple_entry_glass, eino_tiny_chamber, tgw_xom
D:5:      cheibrodos_thug_alley
D:6:      serial_bayou_pond_a, uniq_pikel
D:8:      hangedman_ranch
D:9:      lair_entry_dummy, erik_orc_3
Lair:2:   shoals_dummy_entry, gammafunk_lair_bear_cave
Lair:3:   guppyfry_snake_entry_garden, uniq_snorg, uniq_gastronok
Lair:4:   pond_and_an_island_with_a_cottage, lab_entry_generic,
          minmay_lair_oklob_bushes, serial_bayou_shore_b
Lair:5:   uniq_urug
Lair:6:   evilmike_catoblepas_cave, minmay_slime_entry_oklob_open,
          portal_ice_cave_entry_imps
IceCv:    ice_cave_caverns_03

Skill      XL: |  1  2  3  4  5  6  7  8  9 10 11 12 13 |
---------------+----------------------------------------+-----
Axes           | 4 5 7 8 9 11 13 15 18 19 21 | 21.5
Fighting       | 4 5 6 9 11 13 | 13.0
Armour         | 3 6 8 10 | 10.9
Dodging        | |  2.1

Action                   |  1- 3 |  4- 6 |  7- 9 | 10-12 | 13-15 || total
-------------------------+-------+-------+-------+-------+-------++-------
Melee: Hand axe          |    75 |    89 |       |       |       ||   164
       Headbutt          |     9 |    22 |    37 |   114 |    56 ||   238
       War axe           |       |    23 |     3 |       |       ||    26
       Battleaxe         |       |       |   188 |   498 |   207 ||   893
Invok: Berserk           |       |     4 |     4 |    16 |     5 ||    29
       Burn Spellbooks   |       |     1 |       |     1 |       ||     2
       Trog's Hand       |       |       |     1 |     5 |     2 ||     8
       Brothers in Arms  |       |       |       |       |     2 ||     2
  Use: Scroll            |       |     6 |     7 |     7 |     3 ||    23
       Potion            |       |       |       |     2 |     1 ||     3
  Eat: Chunk             |       |    13 |    12 |    25 |    13 ||    63
       Meat ration       |       |       |       |     4 |       ||     4
       Bread ration      |       |       |       |     1 |       ||     1
Armor: Animal skin       |    15 |    11 |       |       |       ||    26
       Chain mail        |       |    14 |    62 |       |       ||    76
       Plate armour      |       |       |    79 |   313 |   144 ||   536
Dodge: Dodged            |    55 |    51 |    71 |   171 |    94 ||   442
